 Dungeon Crawl Stone Soup version 0.13.0-29-gdb529de (webtiles) character file.

49438 Zxenya the Merry Centaur (level 14, -13/97 HPs)
             Began as a Centaur Hunter on Oct 27, 2013.
             Was the Champion of Trog.
             Mangled by a sun demon (17 damage)
             ... summoned by an orc high priest
             ... on Level 3 of the Orcish Mines on Nov 7, 2013.
             The game lasted 04:26:15 (22435 turns).

Zxenya the Merry Centaur (Centaur Hunter)          Turns: 22435, Time: 04:26:15

HP -13/97        AC  8     Str 17      XL: 14   Next:  9%
MP  18/18        EV 10     Int 10      God: Trog [******]
Gold 1761        SH  0     Dex 13      Spells:  0 memorised, 13 levels left

Res.Fire  : + + .   See Invis. : .   u - +0,+12 bow of the Pure Songs {frost, rPois rC+}
Res.Cold  : + + .   Warding    : .   F - +0 orc scale mail {rC+}
Life Prot.: . . .   Conserve   : .   (no shield)
Res.Poison: +       Res.Corr.  : .   V - +0 helmet
Res.Elec. : .       Clarity    : .   (no cloak)
Sust.Abil.: + .     Spirit.Shd : .   C - +0 pair of gloves
Res.Mut.  : .       Stasis     : .   (no barding)
Res.Rott. : .       Flight     : .   w - amulet of faith
Saprovore : . . .                    o - ring "Chempuuth" {SustAb rF++ MR++}
                                     g - +4 ring of evasion

@: liquid flames, regenerating, glowing, very quick, extraordinarily resistant
to hostile enchantments, extremely unstealthy
A: hooves 3, deformed body, herbivore 1, speed 2, fast metabolism 1, tough skin
3
a: Burn Spellbooks, Berserk, Trog's Hand, Brothers in Arms, Renounce Religion


You were on level 3 of the Orcish Mines.
You worshipped Trog.
Trog was exalted by your worship.
You were very full.

You visited 4 branches of the dungeon, and saw 24 of its levels.

You collected 1741 gold pieces.

Inventory:

Hand weapons
 u - the +0,+12 bow of the Pure Songs (weapon) {frost, rPois rC+}
   (Trog gifted it to you on level 2 of the Orcish Mines)

   It turns projectiles fired from it into bolts of frost.
   It protects you from cold.
   It protects you from poison.
 v - a +4,+4 bow of flame
 L - the +2,+10 bow "Kianiyf" {frost, rF+}
   (You acquired it on level 7 of the Lair of Beasts)

   It turns projectiles fired from it into bolts of frost.
   It protects you from fire.
Missiles
 q - 25 arrows of flame
 x - 6 arrows (quivered)
 B - 34 arrows of frost
 E - 41 poisoned arrows
 I - 10 arrows of dispersal
Armour
 c - a +1 ring mail of fire resistance
 C - a +0 pair of gloves (worn)
 F - a +0 orcish scale mail of cold resistance (worn)
 V - a +0 helmet (worn)
Magical devices
 a - a wand of slowing (16)
 Z - a wand of digging (8)
Comestibles
 f - 5 bread rations
 G - 5 royal jellies
 T - 8 strawberries
Scrolls
 i - 2 scrolls of blinking
 j - a scroll of holy word
 D - 3 scrolls of teleportation
 K - a scroll of enchant weapon II
 N - 2 scrolls of fear
 O - a scroll of summoning
 U - 4 scrolls of remove curse
Jewellery
 g - a +4 ring of evasion (left hand)
 m - an uncursed ring of teleport control
 o - the ring "Chempuuth" (right hand) {SustAb rF++ MR++}
   (You found it on level 6 of the Dungeon)

   [ring of sustain abilities]

   It greatly protects you from fire.
   It affects your resistance to hostile enchantments.
 w - an amulet of faith (around neck)
Potions
 d - 10 potions of curing
 k - a potion of might
 n - 2 potions of heal wounds
 t - a potion of resistance
 A - 2 potions of speed
 H - a potion of agility
 J - a potion of flight


   Skills:
 - Level 1.0 Fighting
   Level 1.4 Polearms
 O Level 27 Bows
 - Level 1.3 Dodging
 - Level 0.5 Stealth
 + Level 4.3 Evocations


You had 13 spell levels left.
You didn't know any spells.

Dungeon Overview and Level Annotations

Branches:
Dungeon (11/27)            Temple (1/1) D:7             Orc (4/4) D:11
   Lair (8/8) D:11          Swamp (0/5) Lair:3       Spider (0/5) Lair:6
  Slime (0/6) Lair:6
    Elf: Orc:3-4

Altars:
Ashenzari
Cheibriados
Elyvilon
Fedhas
Kikubaaqudgha
Makhleb
Nemelex Xobeh
Okawaru
Sif Muna
Trog
Vehumet
Xom
Yredelemnul
Zin
the Shining One

Shops:
D:6 *   D:9 [   D:10 *   Orc:1 /   Orc:4 (

Portals:
Hell: Lair:8

Annotations:
Orc:4 nOtime's ghost, powerful CeHu


Innate Abilities, Weirdness & Mutations

You have hooves in place of feet.
Armour fits poorly on your strangely shaped body.
You digest meat inefficiently.
You cover ground very quickly.
You have a fast metabolism.
You have extremely tough skin (AC +3).


Message History

Your scroll of fog catches fire!
The sun demon hits you!
You are engulfed in flames.
You resist. The smoke demon gestures at you. Something smites you!
* * * LOW HITPOINT WARNING * * *
The sun demon hits you.
* * * LOW HITPOINT WARNING * * *
You are engulfed in flames.
You resist.
* * * LOW HITPOINT WARNING * * *
As you read the scroll of fear, it crumbles to dust.
You assume a fearsome visage.
The sun demon is unaffected.
The smoke demon is unaffected.
The ynoxinul is unaffected.
The ufetubus is unaffected.
You are covered in liquid flames!
* * * LOW HITPOINT WARNING * * *
The orc high priest prays to Beogh.
The orc high priest is healed somewhat.
The ynoxinul hits you.
* * * LOW HITPOINT WARNING * * *
The sun demon hits you!
You die...

##.###........(...#[..#
####........>.[..[#.##
##.........(.).<####
#.............))#..##
##.....g..o(..)......#
#........o(..).[....##
####.....5((........###
##.#.....3.33.#.....##
##.........@[5###.....##
##.#....#......##.......#
#...............##.....##
##.............#.#.#...#
###.##.#...........#.##
#######...#.#.#..###
#...#####...# ##.## ##.##
### ###


You could see an orc high priest (fleeing), a sun demon, a smoke demon, a
ynoxinul, an orc warrior (fleeing), 2 ufetubi and a hobgoblin (fleeing).

Vanquished Creatures
  A dire elephant (Lair:8)
  3 hydras
  Erica (Lair:2)
  7 death yaks
  Urug (D:10)
  A catoblepas (Lair:7)
  A sun demon (Lair:8)
  An unseen horror (D:10)
  A wizard (Lair:8)
  Erolcha (D:11)
  A hill giant (D:9)
  5 oklob plants
  A griffon (Lair:8)
  2 elephants
  The ghost of rdx the Fighter, an experienced DrMo (D:6)
  3 black mambas
  10 spiny frogs
  Psyche (Orc:1)
  An orange demon (Lair:8)
  A smoke demon (Lair:8)
  An orb spider (Lair:6)
  8 hellwings (Lair:8)
  2 fire drakes
  10 komodo dragons
  A troll (D:9)
  12 blink frogs
  7 two-headed ogres
  2 basilisks
  2 boulder beetles
  The ghost of timbw the Chopper, an average GrBe of Trog (D:8)
  2 wyverns
  2 elephant slugs
  A shark (Lair:3)
  15 yaks
  10 hippogriffs
  A wolf (D:9)
  3 manticores
  2 hungry ghosts (D:11)
  3 sky beasts
  5 porcupines
  4 ice beasts
  2 phantoms
  17 ogres
  12 orc warriors
  4 centaurs
  2 rotting devils (Lair:8)
  8 giant slugs
  9 big kobolds (D:8)
  16 crocodiles
  16 giant frogs
  7 water moccasins
  3 agate snails
  2 gnoll sergeants (D:9)
  An eye of draining (D:8)
  A troll skeleton (D:10)
  A yak skeleton (D:11)
  25 wights
  2 quasits (D:11)
  2 goliath beetles
  5 jellies
  14 orc priests
  A giant frog skeleton (D:6)
  17 hounds
  2 big fish (Lair:3)
  10 crimson imps
  A gnoll shaman (D:9)
  A scorpion (D:7)
  5 iguanas
  6 worker ants
  22 orc wizards
  7 ogre zombies (D:11)
  A hound zombie (D:8)
  An ogre skeleton (D:4)
  A big kobold skeleton (D:8)
  A hound skeleton (D:9)
  A worker ant zombie (D:7)
  A mummy (D:8)
  20 adders
  4 giant centipedes
  17 gnolls
  30 green rats
  A worm zombie (D:6)
  An inept feature mimic (D:9)
  4 giant mites
  An inept item mimic (D:8)
  8 worms
  3 giant eyeballs
  13 giant geckos
  7 oozes
  126 orcs
  5 ball pythons
  2 giant cockroaches
  11 goblins
  16 hobgoblins
  15 jackals
  21 bats
  4 giant newts
  A goblin skeleton (D:11)
  2 goblin zombies (D:11)
  5 hobgoblin skeletons
  A hobgoblin zombie (D:11)
  17 kobolds
  3 orc skeletons (D:11)
  10 orc zombies
  12 quokkas
  A quokka skeleton (D:4)
  12 rats
  A rat skeleton (D:7)
  A rat zombie (D:6)
  3 fungi
  6 plants
749 creatures vanquished.

Vanquished Creatures (collateral kills)
  3 oklob plants (Lair:6)
3 creatures vanquished.

Vanquished Creatures (others)
  A rat (Lair:6)
  A fungus (Lair:2)
2 creatures vanquished.

Grand Total: 754 creatures vanquished

Notes
Turn   | Place    | Note
--------------------------------------------------------------
     0 | D:1      | Zxenya, the Centaur Hunter, began the quest for the Orb.
     0 | D:1      | Reached XP level 1. HP: 17/17 MP: 0/0
   135 | D:1      | Reached XP level 2. HP: 24/24 MP: 1/1
   303 | D:1      | Reached skill level 6 in Bows
   645 | D:2      | Upgraded the game from 0.13.0-25-g43d4df3 to 0.13.0-27-gc65393c
   736 | D:2      | Reached XP level 3. HP: 25/29 MP: 2/2
   928 | D:2      | Reached skill level 7 in Bows
  1467 | D:3      | Found a sparkling altar of Nemelex Xobeh.
  1484 | D:3      | Reached XP level 4. HP: 36/36 MP: 2/2
  1915 | D:4      | Reached skill level 8 in Bows
  2087 | D:4      | Reached XP level 5. HP: 41/41 MP: 3/3
  2230 | D:4      | Noticed a phantom
  2239 | D:4      | Killed a phantom
  2239 | D:4      | Reached skill level 9 in Bows
  2239 | D:4      | Reached XP level 6. HP: 48/48 MP: 4/4
  2310 | D:4      | Found a blossoming altar of Fedhas.
  2312 | D:4      | Noticed a centaur
  2419 | D:4      | Killed a centaur
  2419 | D:4      | Reached skill level 10 in Bows
  2499 | D:4      | Noticed an ogre
  2514 | D:4      | Killed an ogre
  2639 | D:5      | Entered Level 5 of the Dungeon
  2696 | D:5      | Reached XP level 7. HP: 28/53 MP: 4/4
  2860 | D:5      | Reached skill level 11 in Bows
  3014 | D:5      | Found a shimmering altar of Xom.
  3683 | D:6      | Upgraded the game from 0.13.0-27-gc65393c to 0.13.0-28-g1b50097
  4041 | D:6      | Noticed rdx's ghost (experienced DrMo)
  4355 | D:6      | Reached skill level 12 in Bows
  4461 | D:6      | Got a transparent lead ring
  4497 | D:6      | Reached XP level 8. HP: 61/61 MP: 5/5
  4540 | D:6      | Killed rdx's ghost
  4540 | D:6      | Reached skill level 13 in Bows
  4604 | D:6      | Reached skill level 14 in Bows
  4742 | D:6      | Found Fuaca's Elemental Accessories.
  4902 | D:7      | Identified the ring "Chempuuth" {SustAb rF++ MR++} (You found it on level 6 of the Dungeon)
  4973 | D:7      | Found a staircase to the Ecumenical Temple.
  4989 | Temple   | Entered the Ecumenical Temple
  5190 | Temple   | Became a worshipper of Trog the Wrathful
  5992 | D:7      | Reached skill level 15 in Bows
  6181 | D:8      | Reached XP level 9. HP: 67/67 MP: 6/6
  6338 | D:8      | Acquired Trog's first power
  6411 | D:8      | Reached skill level 16 in Bows
  6561 | D:8      | Noticed timbw's ghost (average GrBe)
  6563 | D:8      | Killed timbw's ghost
  6626 | D:8      | Acquired Trog's second power
  6959 | D:8      | Reached skill level 17 in Bows
  8524 | D:8      | Reached XP level 10. HP: 54/73 MP: 7/7
  9141 | D:8      | Reached skill level 1 in Polearms
  9148 | D:8      | Reached skill level 18 in Bows
  9346 | D:9      | Upgraded the game from 0.13.0-28-g1b50097 to 0.13.0-29-gdb529de
  9384 | D:8      | Acquired Trog's third power
  9502 | D:9      | Found Shuz's Armour Boutique.
  9572 | D:9      | Received a gift from Trog
  9737 | D:9      | Noticed a hill giant
  9738 | D:9      | Reached skill level 19 in Bows
  9743 | D:9      | Killed a hill giant
 10252 | D:10     | Entered Level 10 of the Dungeon
 10252 | D:10     | Noticed Urug
 10262 | D:10     | Killed Urug
 10262 | D:10     | Reached skill level 20 in Bows
 10565 | D:10     | Found Ufaloga's General Store.
 10589 | D:10     | Reached XP level 11. HP: 79/79 MP: 8/8
 10645 | D:10     | Received a gift from Trog
 10881 | D:10     | Received a gift from Trog
 10958 | D:10     | Killed an unseen horror
 11630 | D:11     | Found a staircase to the Lair.
 11758 | D:11     | Reached skill level 21 in Bows
 11814 | D:11     | Found a staircase to the Orcish Mines.
 12632 | D:11     | Noticed Erolcha
 12642 | D:11     | Killed Erolcha
 12642 | D:11     | Reached skill level 22 in Bows
 12668 | D:11     | Received a gift from Trog
 12868 | Orc:1    | Entered Level 1 of the Orcish Mines
 12916 | Orc:1    | Found Lyaloamo's Magical Wand Shop.
 12931 | Orc:1    | Received a gift from Trog
 13077 | Orc:1    | Noticed Psyche
 13080 | Orc:1    | Killed Psyche
 13405 | Orc:2    | Received a gift from Trog
 13409 | Orc:2    | Got a bone bow {god gift}
 13410 | Orc:2    | Identified the bow of the Pure Songs {god gift, frost, rPois rC+} (Trog gifted it to you on level 2 of the Orcish Mines)
 14181 | Lair:1   | Entered Level 1 of the Lair of Beasts
 14190 | Lair:1   | Reached XP level 12. HP: 75/85 MP: 9/9
 14284 | Lair:1   | Received a gift from Trog
 14772 | Lair:1   | You fall through a shaft!
 14988 | Lair:2   | Reached skill level 23 in Bows
 15003 | Lair:2   | Received a gift from Trog
 15104 | Lair:2   | Noticed Erica
 15122 | Lair:2   | Killed Erica
 15994 | Lair:3   | Found a staircase to the Swamp.
 16578 | Lair:4   | Noticed a seven-headed hydra
 16597 | Lair:3   | Killed a seven-headed hydra
 16783 | Lair:4   | Received a gift from Trog
 16829 | Lair:4   | Reached skill level 24 in Bows
 17756 | Lair:5   | Received a gift from Trog
 18051 | Lair:6   | Received a gift from Trog
 18152 | Lair:6   | Reached skill level 25 in Bows
 18152 | Lair:6   | Reached XP level 13. HP: 91/91 MP: 9/9
 18541 | Lair:6   | Received a gift from Trog
 18635 | Lair:6   | Found a hole to the Spider Nest.
 19033 | Lair:6   | Found a staircase to the Slime Pits.
 19046 | Lair:6   | Received a gift from Trog
 19420 | Lair:6   | Found a dark tunnel.
 19830 | Lair:7   | Received a gift from Trog
 20031 | Lair:7   | Reached skill level 26 in Bows
 20066 | Lair:7   | Identified a scroll of acquirement
 20072 | Lair:7   | Got a transparent bow
 20073 | Lair:7   | Identified the bow "Kianiyf" {frost, rF+} (You acquired it on level 7 of the Lair of Beasts)
 20491 | Lair:8   | Entered Level 8 of the Lair of Beasts
 21180 | Lair:8   | Received a gift from Trog
 21492 | Lair:8   | Noticed a dire elephant
 21501 | Lair:8   | Killed a dire elephant
 21679 | Lair:8   | Reached skill level 27 in Bows
 21679 | Lair:8   | Reached skill level 1 in Evocations
 21688 | Lair:8   | Found a burning altar of Makhleb.
 21701 | Lair:8   | Reached XP level 14. HP: 97/97 MP: 10/14
 21741 | Lair:8   | Found a gateway to Hell.
 22238 | Orc:3    | Received a gift from Trog
 22367 | Orc:4    | Entered Level 4 of the Orcish Mines
 22367 | Orc:4    | Found Plog's Antique Weapon Shoppe.
 22375 | Orc:4    | Noticed nOtime's ghost (powerful CeHu)
 22435 | Orc:3    | HP: 4/97 [ynoxinul[an orc high priest] (4)]
 22435 | Orc:3    | Mangled by a sun demon

Action                   |  1- 3 |  4- 6 |  7- 9 | 10-12 | 13-15 || total
-------------------------+-------+-------+-------+-------+-------++-------
Melee: Bow               |       |       |     6 |       |       ||     6
       Trident           |       |       |    89 |     7 |       ||    96
       Dagger            |       |       |    57 |       |       ||    57
       Longbow           |       |       |       |     1 |       ||     1
       Unarmed           |       |       |       |       |     1 ||     1
 Fire: Bow               |    79 |   102 |   328 |   729 |   341 ||  1579
       Longbow           |       |       |       |   220 |       ||   220
Invok: Trog's Hand       |       |       |       |       |     6 ||     6
Evoke: Wand              |       |       |    12 |     7 |     9 ||    28
       Deck              |       |       |       |       |     2 ||     2
  Use: Scroll            |     6 |     2 |    10 |    17 |    14 ||    49
       Potion            |     1 |       |     1 |     8 |     1 ||    11
